AoeStats
← huh?

MegaRandom

509053153Analyzed
4v4 RM · 6d ago on Sep 25, 2026· 28m 43s· 8 players
Game mode
Random Map
Map size
Large (8 player)
Population
200
Speed
Normal
Resources
Standard
Victory
Conquest
Starting age
Dark Age
Ending age
Imperial Age
RankedLock teamsTeams togetherTeam positionsShared explorationLock speedFull tech treeHidden civsTurbo modeCheats
Victory
Defeat
🇨🇳 Franks · China
933
+13
🇨🇳 Byzantines · China
930
+13
🇨🇳 Saxons · China
921
+14
🇨🇭 Mongols · Switzerland
833
+17
🇨🇳 Hindustanis · China
926
-16
🇨🇳 Celts · China
894
-15
🇹🇼 Teutons · Taiwan
877
-15
🇨🇳 Goths · China
773
-11
不動游星
10:19 Feudal Age
15:30 Castle Age
13:41 Horse Collar
14:37 Double-Bit Axe
24:05 Heavy Plow
30:35 Imperial Age
海恩.塞弗罗
0:43 Loom
11:38 Feudal Age
16:45 Castle Age
18:19 Horse Collar
18:27 Double-Bit Axe
huh?
0:46 Loom
13:31 Feudal Age
18:29 Castle Age
19:45 Double-Bit Axe
19:43 Horse Collar
20:33 Scale Mail Armor
20:50 Forging
20:57 Bow Saw
21:33 Fishing Lines
24:26 Gillnets
27:34 Pikeman
葛津津
11:58 Feudal Age
19:53 Castle Age
Bako
12:16 Feudal Age
17:52 Castle Age
23:43 Gold Mining
23:42 Double-Bit Axe
25:45 Fletching
Tamerlane
0:37 Loom
9:09 Feudal Age
9:39 Double-Bit Axe
14:14 Forging
15:07 Horse Collar
17:03 Wheelbarrow
20:06 Castle Age
20:04 Scale Barding Armor
20:13 Bloodlines
21:12 Chain Barding Armor
24:25 Husbandry
27:27 Light Cavalry
我血你
13:56 Feudal Age
14:55 Double-Bit Axe
17:48 Castle Age
16:36 Fishing Lines
18:27 Scale Barding Armor
19:42 Wheelbarrow
19:39 Husbandry
24:15 Bow Saw
24:26 Stone Mining
27:19 Gold Mining
28:19 Hand Cart
29:01 Chain Barding Armor
Pets_T饕
12:24 Feudal Age
13:37 Double-Bit Axe
16:45 Wheelbarrow
18:36 Castle Age
16:58 Fishing Lines
17:43 Stone Mining
19:47 Bow Saw
19:00 Demolition Ship
19:42 Gillnets
19:50 Gold Mining
20:44 Wheelbarrow
22:53 Forging
22:49 Scale Barding Armor
27:41 Iron Casting
27:11 Scale Barding Armor
Connection lost

Rejoining the realm…

Still unreachable

The connection could not be restored.

Session expired

The server has moved on; the page needs a fresh start.